 Dungeon Crawl Stone Soup version 0.29-a0-371-g91724d5b39 (webtiles) character file.

Game seed: 5751305556091700472

9 spaghetti the Skirmisher (level 2, 24/24 HPs)
             Began as a Mummy Abyssal Knight on May 2, 2022.
             Was a Believer of Lugonu.
             Quit the game on level 1 of the Dungeon.
             The game lasted 00:00:37 (683 turns).

spaghetti the Skirmisher (Mummy Abyssal Knight)      Turns: 683, Time: 00:00:38

Health: 24/24      AC:  3    Str: 16    XL:     2   Next: 3%
Magic:  3/3        EV: 11    Int:  9    God:    Lugonu [**....]
Gold:   32         SH:  0    Dex: 12    Spells: 1/1 levels left

rFire   x . .      SeeInvis .   a - +1 spear {polearm}
rCold   + . .      Faith    .   (no shield)
rNeg    + + +      Spirit   .   b - +0 leather armour
rPois   ∞          Reflect  .   (no helmet)
rElec   .          Harm     .   (no cloak)
rCorr   .          Rampage  .   (no gloves)
Will    +....                   (no boots)
Stlth   +.........              (no amulet)
HPRegen 0.08/turn               e - ring of willpower
MPRegen 0.08/turn               (no ring)

@: no status effects
A: cold resistance 1, negative energy resistance 3, torment resistance 2, heat
vulnerability 1, no potions
a: Renounce Religion, Depart the Abyss, Bend Space


You were on level 1 of the Dungeon.
You worshipped Lugonu.
Lugonu was pleased with you.
You visited 1 branch of the dungeon, and saw 1 of its levels.
You visited the Abyss 1 time.

You collected 32 gold pieces.


Innate Abilities, Weirdness & Mutations

You are immune to poison.
Your flesh is cold resistant. (rC+)
You are immune to negative energy. (rN+++)
You are immune to unholy pain and torment.
You are vulnerable to heat. (rF-)
You do not drink.


   Skills:
 - Level 3.0 Fighting
 + Level 2.2 Polearms
 - Level 1.5 Armour
 - Level 0.7 Dodging
 - Level 1.5 Invocations


You had one spell level left.
You didn't know any spells.
Your spell library was empty.

Inventory:

Hand Weapons
 a - a +1 spear (weapon) {polearm}
Missiles
 c - 120 stones {throwing}
 f - 3 poisoned darts {throwing}
Armour
 b - a +0 leather armour (worn)
Jewellery
 e - a ring of willpower (left hand)
   (You found it on level 1 of the Dungeon)
Scrolls
 d - a scroll of identify {unknown}

Dungeon Overview and Level Annotations

Branches:
Dungeon (1/15)

Altars:

. #....# #........... ..#
##.##.# #...........
..####..##.# #...........
...#.###.###...........
#######.#.###.[...#.....#..
..............#######.#####
#####...##..## .# #.
##.#....######....# #.
#..#...##.@...K# #.
##.##.#....###### #.#
#.......[.......##
#..###.!##............##
##.....................#
..............[........#
.##....................#
###....................#
##..#..................#


You could see a kobold.


Message History

* * * LOW HITPOINT WARNING * * *
😨 HP[-1]
You take 1 damage, and now have 7/18 hp.
You hit the frilled lizard.
You kill the frilled lizard!
Lugonu accepts your kill.
Your Polearms skill increases to level 2!
You start resting. 😎 HP[+11]
Your hp is fully restored (18).
Unknown command.
Unknown command.
You start waiting.
Done waiting.
c - 24 stones {throwing}
c - 40 stones {throwing} (gained 16)
A ball python comes into view.
The ball python hisses angrily.
A ball python is nearby!
A ball python is nearby!
A ball python is nearby!
The ball python bites you. The ball python grabs you.
The ball python constricts you. 😕 HP[-2]
You take 2 damage, and now have 16/18 hp.
You hit the ball python.
You kill the ball python!
Lugonu accepts your kill.
You see here a ball python corpse.
d - a scroll labelled RANE PILUC A goblin comes into view.
It is wielding a +0 dagger.
Found a stone staircase leading down.
The goblin shouts! 😎 HP[+2]
Your hp is fully restored (18).
A goblin is nearby!
You puncture the goblin!
You kill the goblin!
Lugonu accepts your kill.
You see here a +0 dagger {short}.
You now have 25 gold pieces (gained 15).
Key pressed, stopping explore.
e - a ring of willpower
c - 65 stones {throwing} (gained 25)
c - 83 stones {throwing} (gained 18)
A ball python comes into view.
The ball python hisses angrily.
e - a ring of willpower (left hand)
You closely miss the ball python. The ball python completely misses you.
The ball python grabs you. The ball python constricts you.
The ball python bites you.
The ball python constricts you. 😕 HP[-3]
You take 3 damage, and now have 15/18 hp.
You hit the ball python.
You kill the ball python!
Lugonu accepts your kill.
You have reached level 2! 😕 HP[+5] MP[+1]
You now have 24 max hp (+6).
You regained 5 hp, and now have 20/24 hp.
Your mp is fully restored (3).
You start resting. 😎 HP[+4]
Your hp is fully restored (24).
c - 97 stones {throwing} (gained 14)
You now have 32 gold pieces (gained 7).
f - 3 poisoned darts {throwing} A kobold comes into view.
It is wielding a +0 short sword.
The kobold shouts!
A kobold is nearby!
A kobold is nearby!
The kobold hits you with a +0 short sword.
You see here 23 stones {throwing}. 😕 HP[-1]
You take 1 damage, and now have 23/24 hp.
You hit the kobold.
The kobold hits you with a +0 short sword. 😕 HP[-3]
You take 3 damage, and now have 20/24 hp.
You closely miss the kobold. The kobold barely misses you.
You miss the kobold.
The kobold hits you with a +0 short sword. 😮 HP[-2]
You take 2 damage, and now have 18/24 hp.
You barely miss the kobold. The kobold closely misses you.
You hit the kobold.
You kill the kobold!
Lugonu accepts your kill.
You start resting. 😎 HP[+6]
Your hp is fully restored (24).
c - 120 stones {throwing} (gained 23)
Things that are here:
a +0 short sword {short}; a kobold corpse A kobold comes into view.
It is wielding a +0 dagger.
A kobold is nearby!
A kobold is nearby!
Are you sure you want to abandon this character and quit the game? (Confirm with "yes".)

Skill      XL: |  1 |
---------------+----+-----
Polearms       | 2 |  2.2
Fighting       | |  3.0
Armour         | |  1.5
Dodging        | |  0.7
Invocations    | |  1.5

Action                   || total
-------------------------++-------
Melee: Spear             ||    23
Armor: Leather armour    ||     3
Dodge: Dodged            ||     4

Levels and vault maps discovered:
D:1:      dpeg_arrival_rooms_c, layout_rooms,
          chequers_ecumenical_altar_simple_redux, minmay_tromino_v4_b

Notes
Turn   | Place    | Note
-------+----------+-------------------------------------------
     0 | Abyss:1  | spaghetti the Mummy Abyssal Knight began the quest for the
                  | Orb.
     0 | Abyss:1  | Reached XP level 1. HP: 18/18 MP: 2/2
     0 | Abyss:1  | magus.rc [v1.9.6]
    22 | D:1      | You pass through the gate.
    22 | D:1      | Escaped the Abyss
   123 | D:1      | Found a faded altar of an unknown god.
   138 | D:1      | Reached skill level 2 in Polearms
   546 | D:1      | Reached XP level 2. HP: 20/24 MP: 3/3
   683 | D:1      | Quit the game

Vanquished Creatures
  2 ball pythons (D:1)
  2 endoplasms (D:1)
  A goblin (D:1)
  2 kobolds (D:1)
  A frilled lizard (D:1)
8 creatures vanquished.

Table legend:
 A = Non-vault XP
 B = Vault XP
 C = Vault XP percentage of total XP
 D = Non-vault monster count
 E = Vault monster count
 F = Vault count percentage of total count
                 A         B        C        D         E       F
            +---------+---------+-------+---------+---------+-------
      Total |      13 |       0 |   0.0 |       8 |       0 |   0.0
            +---------+---------+-------+---------+---------+-------
        D:1 |      13 |       0 |   0.0 |       8 |       0 |   0.0
            +---------+---------+-------+---------+---------+-------

Illustrated notes

Table legend:
 A = Kills in this place as a percentage of kills in entire the game.
 B = Kills by you in this place as a percentage of kills by you in the entire game.
 C = Kills by friends in this place as a percentage of kills by friends in the entire game.
 D = Other kills in this place as a percentage of other kills in the entire game.
 E = Experience gained in this place as a percentage of experience gained in the entire game.
 F = Experience gained in this place divided by the number of levels of this place that you have seen.
                   A       B       C       D       E      F
               +-------+-------+-------+-------+-------+----------------------
         Total | 100.0 | 100.0 |   N/A |   N/A | 100.0 |   6.5
       Dungeon | 100.0 | 100.0 |   N/A |   N/A | 100.0 |  13.0
               +-------+-------+-------+-------+-------+----------------------

Table legend: (Time is in decaauts)
 A = Elapsed time spent in this place.
 B = Non-inter-level travel time spent in this place.
 C = Inter-level travel time spent in this place.
 D = Time resting spent in this place.
 E = Time spent auto-exploring this place.
 F = Levels seen in this place.
 G = Mean time per level.
                   A        B        C        D        E       F      G
               +--------+--------+--------+--------+--------+-----+--------+
         Total |    682 |    682 |      0 |    383 |    239 |   2 |  341.0 |
       Dungeon |    660 |    660 |      0 |    383 |    223 |   1 |  660.0 |
         Abyss |     22 |     22 |      0 |      0 |     16 |   1 |   22.0 |
               +--------+--------+--------+--------+--------+-----+--------+

Top non-repeatable levels by time:
     D:1: 660 daAuts
 Abyss:1: 22 daAuts
